 Dungeon Crawl Stone Soup version 0.29.0-4-gdea44cf6ec (webtiles) character file.

Game seed: 9768611625588714296

28 qw the Chopper (level 3, -4/21 HPs)
             Began as a Tengu Warper on Aug 28, 2022.
             Slain by a gnoll
             ... wielding a +0 halberd
              (5 damage)
             ... on level 2 of the Dungeon.
             The game lasted 00:00:04 (841 turns).

qw the Chopper (Tengu Warper)                        Turns: 841, Time: 00:00:04

Health: -4/21      AC:  3    Str: 13    XL:     3   Next: 14%
Magic:  7/7        EV: 12    Int: 13    God:
Gold:   46         SH:  0    Dex: 13    Spells: 6/6 levels left

rFire   . . .      SeeInvis .   Y - +0 hand axe
rCold   . . .      Faith    .   (no shield)
rNeg    . . .      Spirit   .   b - +0 leather armour
rPois   .          Reflect  .   (helmet restricted)
rElec   .          Harm     .   (no cloak)
rCorr   .          Rampage  .   (no gloves)
Will    .....                   (boots unavailable)
Stlth   +.........              (no amulet)
HPRegen 0.07/turn               (no ring)
MPRegen 0.10/turn               (no ring)

@: no status effects
A: beak, talons 3
a: no special abilities


You were on level 2 of the Dungeon.
You visited 1 branch of the dungeon, and saw 2 of its levels.

You collected 46 gold pieces.


Innate Abilities, Weirdness & Mutations

You have a beak for a mouth.
You have claws for feet.


   Skills:
 - Level 2.0 Fighting
 + Level 3.9 Axes
 - Level 1.0 Throwing
 - Level 1.1 Armour
 - Level 2.1 Dodging
 - Level 2.0 Spellcasting
 - Level 2.4 Translocations


You had 6 spell levels left.
You didn't know any spells.
Your spell library contained the following spells:

 Spells                   Type           Power      Damage    Failure   Level
 Blink                    Tloc           14%        N/A       19%         2
 Gell's Gravitas          Tloc           7%         N/A       36%         3
 Lesser Beckoning         Tloc           7%         N/A       36%         3
 Teleport Other           Tloc           7%         N/A       36%         3
 Manifold Assault         Tloc           7%         N/A       98%         5

Inventory:

Hand Weapons
 j - a +0 mace
 Y - a +0 hand axe (weapon)
Missiles
 l - 2 boomerangs (quivered)
Armour
 b - a +0 leather armour (worn)
Potions
 d - a potion of haste {unknown}
 e - a potion of magic {unknown}
 i - a potion of mutation {unknown}
 k - a potion of heal wounds {unknown}
 m - a potion of curing {unknown}

Dungeon Overview and Level Annotations

Branches:
Dungeon (2/15)

Altars:


Message History

Throw: 2 boomerangs
Press: ? - help, Q - select action Shift-Dir - straight line, f/p - worm You throw a boomerang.
The boomerang hits the worm.
The worm is almost dead.
Throw: 2 boomerangs
Press: ? - help, Q - select action Shift-Dir - straight line, f/p - worm You throw a boomerang.
The boomerang hits the worm.
You kill the worm!
As you open the door, it creaks loudly! 2 jackals and a gnoll come into view.
The jackal barks!
You hit the jackal. Your kick misses the jackal.
You peck the jackal, but do no damage.
The jackal is severely wounded.
You hit the bush. You hit the bush but do no damage.
The jackal bites you but does no damage.
You hit the jackal but do no damage.
The jackal is severely wounded.
You hit the bush. x2
The jackal closely misses you.
The gnoll hits you from afar with a +0 halberd!
The jackal misses you. The gnoll misses you.
An endoplasm comes into view.
You slash the jackal!
You kill the jackal!
You hit the bush but do no damage. x2
The gnoll hits you from afar with a +0 halberd.
You barely miss the jackal. You claw the jackal.
The jackal is almost dead.
You completely miss the bush. You hit the bush but do no damage.
The jackal bites you.
The gnoll hits you from afar with a +0 halberd!
The jackal closely misses you.
You hit the jackal but do no damage. Your kick misses the jackal.
Your peck misses the jackal.
The jackal is almost dead.
You hit the bush but do no damage. x2
The jackal bites you.
The gnoll hits you from afar with a +0 halberd.
You die...

#...#....# #.#
+..<#....# #.#
#...#....###'##
#....####.....#
####.# #.....#
#.## #.....#
######..###.....#
......%........##
####..P@P..#####
...J###h#### .#.
g.+ # ...# #...+
#####


You could see a gnoll, an endoplasm and a jackal.

Vanquished Creatures
  A worm (D:2)
  2 dart slugs (D:1)
  A ball python (D:1)
  2 endoplasms (D:1)
  5 jackals
  A frilled lizard (D:2)
  2 goblins (D:1)
  3 kobolds (D:1)
  4 rats (D:1)
21 creatures vanquished.

Notes
Turn   | Place    | Note
-------+----------+-------------------------------------------
     0 | D:1      | qw the Tengu Warper began the quest for the Orb.
     0 | D:1      | Reached XP level 1. HP: 12/12 MP: 4/4
     0 | D:1      | 0 ||| qw: Version: 0.1-a-89-g26bdef1
     0 | D:1      | 0 ||| qw: Game counter: 3271
     0 | D:1      | 0 ||| qw: Always use a shield: true
     0 | D:1      | 0 ||| qw: God list: Okawaru
     0 | D:1      | 0 ||| qw: Allow faded altars: false
     0 | D:1      | 0 ||| qw: Do Orc after D:15 true
     0 | D:1      | 0 ||| qw: Do second Lair branch before Depths: true
     0 | D:1      | 0 ||| qw: Lair rune preference: random
     0 | D:1      | 0 ||| qw: Plans: Normal
     0 | D:1      | 0 ||| PLANNING D:1-11
   249 | D:1      | Reached XP level 2. HP: 14/17 MP: 6/6
   326 | D:1      | Reached skill level 3 in Axes
   343 | D:1      | 343 ||| DROPPING +0 club.
   354 | D:1      | 354 ||| Stepping ~*~*~tactically~*~*~ (stealth).
   355 | D:1      | 355 ||| Stepping ~*~*~tactically~*~*~ (stealth).
   356 | D:1      | 356 ||| Stepping ~*~*~tactically~*~*~ (stealth).
   392 | D:1      | 392 ||| Stepping ~*~*~tactically~*~*~ (stealth).
   394 | D:1      | 394 ||| Stepping ~*~*~tactically~*~*~ (stealth).
   397 | D:1      | 397 ||| Stepping ~*~*~tactically~*~*~ (stealth).
   683 | D:1      | 683 ||| READING scroll labelled ASINOARIUS.
   687 | D:1      | 687 ||| READING scroll labelled UNACLIUHUY.
   688 | D:1      | 688 ||| DRINKING 2 murky dark potions.
   789 | D:1      | 789 ||| DROPPING scroll of blinking.
   790 | D:1      | 790 ||| DROPPING potion of ambrosia.
   811 | D:2      | Reached XP level 3. HP: 21/21 MP: 7/7
   840 | D:2      | HP: 2/21 [gnoll/+0 halberd (9)]
   841 | D:2      | Slain by a gnoll

Levels and vault maps discovered:
D:1:      minmay_arrival_cross, layout_basic, minmay_misc_feat_alley,
          grunt_decor_mini_mirrors, minmay_splitting_lines
D:2:      layout_basic, cheibrodos_gnoll_hut, uniq_crazy_yiuf_cottage

Skill      XL: |  1  2 |
---------------+-------+-----
Axes           | 3 |  3.9
Fighting       | |  2.0
Throwing       | |  1.0
Armour         | |  1.1
Dodging        | |  2.1
Spellcasting   | |  2.0
Translocations | |  2.4

Action                   || total
-------------------------++-------
Melee: Hand axe          ||    26
       Kick              ||     6
       Peck              ||     4
Throw: Boomerang         ||    22
  Use: Scroll            ||     2
       Potion            ||     1
Armor: Leather armour    ||     5
Dodge: Dodged            ||    11

Table legend:
 A = Non-vault XP
 B = Vault XP
 C = Vault XP percentage of total XP
 D = Non-vault monster count
 E = Vault monster count
 F = Vault count percentage of total count
                 A         B        C        D         E       F
            +---------+---------+-------+---------+---------+-------
      Total |      39 |       2 |   4.9 |      20 |       1 |   4.8
            +---------+---------+-------+---------+---------+-------
        D:1 |      33 |       0 |   0.0 |      18 |       0 |   0.0
        D:2 |       6 |       2 |  25.0 |       2 |       1 |  33.3
            +---------+---------+-------+---------+---------+-------
